 Dungeon Crawl Stone Soup version 0.27.1-34-g3ba077fa99 (webtiles) character file.

Game seed: 2056512798729855901

13 cbfl8 the Skirmisher (level 2, -4/31 HPs)
             Began as a Minotaur Wanderer on Jan 17, 2022.
             Succumbed to a goblin's poison
             ... on level 1 of the Dungeon.
             The game lasted 00:00:29 (276 turns).

cbfl8 the Skirmisher (Minotaur Wanderer)             Turns: 276, Time: 00:00:29

Health: -4/31      AC:  8    Str: 15    XL:     2   Next: 24%
Magic:  1/1        EV:  6    Int:  7    God:
Gold:   0          SH:  0    Dex: 12    Spells: 1/1 levels left

rFire    . . .     SeeInvis .   a - +2 short sword
rCold    . . .     Faith    .   (no shield)
rNeg     . . .     Spirit   .   e - +0 chain mail
rPois    .         Reflect  .   (helmet restricted)
rElec    .         Harm     .   (no cloak)
rCorr    .         Rampage  .   (no gloves)
Will     .....                  (no boots)
Stlth    ..........             (no amulet)
HPRegen  0.10/turn              (no ring)
MPRegen  0.07/turn              (no ring)

@: lethally poisoned (-4 -> -26)
A: horns 2, retaliatory headbutt
a: no special abilities


You were on level 1 of the Dungeon.
You visited 1 branch of the dungeon, and saw 1 of its levels.

Inventory:

Hand Weapons
 a - a +2 short sword (weapon)
 b - a +0 spear
 f - a +0 dagger of pain
Armour
 d - a +0 robe
 e - a +0 chain mail (worn)
Potions
 c - a potion of curing


   Skills:
 + Level 6.6 Fighting
 + Level 3.2 Short Blades
 + Level 1.0 Stealth
 + Level 1.2 Shields


You had one spell level left.
You didn't know any spells.
Your spell library was empty.

Dungeon Overview and Level Annotations

Branches:
Dungeon (1/15)

Altars:


Innate Abilities, Weirdness & Mutations

You have a pair of horns on your head.
You reflexively headbutt those who attack you in melee.


Message History

A goblin comes into view. It is wielding a +0 dagger of venom.
A hobgoblin comes into view.
The goblin shouts!
The hobgoblin shouts!
You hear a shout!
Found 14 arrows.
A goblin comes into view. It is wielding a +0 dagger.
The hobgoblin hits you. The ball python barely misses you.
You furiously retaliate!
You headbutt the ball python.
You kill the ball python!
You puncture the hobgoblin!
You kill the hobgoblin!
The goblin hits you with a +0 dagger. The goblin hits you with a +0 dagger.
The goblin hits you but does no damage.
You are poisoned.
You feel sick. The goblin barely misses you. You furiously retaliate!
You headbutt the goblin. You hit the goblin.
The goblin is moderately wounded.
You feel sick.
The goblin hits you but does no damage. x2
You are more poisoned.
You barely miss the goblin.
The goblin is moderately wounded.
You feel sick.
The goblin hits you but does no damage. x2
You are more poisoned.
You barely miss the goblin. You headbutt the goblin.
You kill the goblin!
You feel very sick. The goblin hits you but does no damage.
You are lethally poisoned!
You feel very sick. The goblin hits you but does no damage.
You see here a +0 dagger.
* * * LOW HITPOINT WARNING * * *
You feel very sick. The goblin hits you but does no damage.
You are more poisoned.
You hit the goblin.
You kill the goblin!
* * * LOW HITPOINT WARNING * * *
You feel very sick.
You die...

#.# #........#
#.# #........#
#.# #........#
#.# ##..######
..# ########.##
#.# ..........#
..# ..........#
. ..#
.......†..# ...
.8#
.......@..#.....
.##
........).......
.#
.........#......
.#
.........#..##..
.# .........##.#
# .# .........#
.. .# .........(
... .#
.......... ...
.# #########.#


There were no monsters in sight!

Vanquished Creatures
  An endoplasm (D:1)
  A giant cockroach (D:1)
  4 goblins (D:1)
  3 hobgoblins (D:1)
  A ball python (D:1)
10 creatures vanquished.

Notes
Turn   | Place    | Note
-------+----------+-------------------------------------------
     0 | D:1      | cbfl8 the Minotaur Wanderer began the quest for the Orb.
     0 | D:1      | cbfl8 set off with the following items: a +2 short sword, a
                  | +0 spear, a potion of curing, a +0 robe
     0 | D:1      | Reached XP level 1. HP: 24/24 MP: 0/0
   258 | D:1      | Reached XP level 2. HP: 31/31 MP: 1/1
   275 | D:1      | HP: 1/31 [poisoned by a goblin]
   276 | D:1      | Succumbed to a goblin's poison

Illustrated notes

Levels and vault maps discovered:
D:1:      psy_arrival_basics, layout_basic

Action                   || total
-------------------------++-------
Melee: Short sword       ||    19
       Headbutt          ||     3
Armor: Chain mail        ||    15
Dodge: Dodged            ||     6
